 Dungeon Crawl Stone Soup version 0.18-a0-1145-g178b0c7 (webtiles) character file.

121 Ijustatesigmund the Agent of Entropy (level 4, -3/36 HPs)
             Began as a Demonspawn Abyssal Knight on Jan 22, 2016.
             Was a Priest of Lugonu.
             Killed from afar by Natasha (6 damage)
             ... with a wand of frost
             ... on level 2 of the Dungeon.
             The game lasted 00:05:05 (2156 turns).

Ijustatesigmund the Agent of Entropy (DsAK)         Turns: 2156, Time: 00:05:05

Health: -3/36      AC:  4    Str: 13    XL:     4   Next: 76%
Magic:  7/7        EV: 11    Int: 13    God:    Lugonu [***...]
Gold:   15         SH:  0    Dex: 13    Spells: 0 memorised, 3 levels left

rFire  . . .     SeeInvis .     a - +1 mace
rCold  . . .     Gourm    .     b - +1 leather armour
rNeg   . . .     Faith    .     (no shield)
rPois  .         Spirit   .     (helmet restricted)
rElec  .         Dismiss  .     (no cloak)
rCorr  .         Reflect  .     (no gloves)
SustAt .         Harm     .     (no boots)
MR     .....                    (no amulet)
Stlth  ++........               (no ring)
                                (no ring)

@: not resistant to hostile enchantments, unstealthy
A: antennae 1, nightstalker 1
a: Depart the Abyss, Bend Space, Banish, Renounce Religion


You were on level 2 of the Dungeon.
You worshipped Lugonu.
Lugonu was most pleased with you.
You were not hungry.

You visited 1 branch of the dungeon, and saw 2 of its levels.
You visited the Abyss 1 time.

You collected 15 gold pieces.

Inventory:

Hand Weapons
 a - a +1 mace (weapon)
Armour
 b - a +1 leather armour (worn)
 i - a +0 helmet
Jewellery
 l - an uncursed ring of ice
Scrolls
 m - a scroll of identify
 o - a scroll of blinking {unknown}
Potions
 e - 2 potions of haste {unknown}
 f - a potion of curing
 h - a potion of heal wounds {unknown}
 j - a potion of mutation {unknown}
 k - a potion of lignification {unknown}
Comestibles
 c - 2 bread rations
 d - 2 beef jerkies
 g - a slice of pizza


   Skills:
 + Level 3.6 Fighting
 * Level 3.3 Maces & Flails
 - Level 1.7 Armour
 - Level 0.8 Dodging
 + Level 4.1 Invocations


You had 3 spell levels left.
You didn't know any spells.

Dungeon Overview and Level Annotations

Branches:
Dungeon (2/15)

Altars:

Annotations:
D:2 Natasha


Innate Abilities, Weirdness & Mutations

You have a pair of small antennae on your head.
You are slightly more attuned to the shadows.


Message History

Lugonu accepts your kill.
Natasha growls in agony!
Your Invocations skill increases to level 4!
The crimson imp disappears in a puff of smoke!
The shadow imp disappears in a puff of smoke! x2
You start resting.
Magic restored.
You start resting.
Natasha, Servant of Life and Death comes into view.
You are too injured to fight recklessly!
You are too injured to fight recklessly!
You are too injured to fight recklessly!
Natasha barely misses you.
You closely miss Natasha.
Natasha zaps a wand.
The puff of frost hits you!
* * * LOW HITPOINT WARNING * * *
It is a wand of frost.
You hit Natasha.
Natasha is lightly wounded.
Natasha zaps a wand.
The puff of frost hits you!
You die...

.#..##.#
#.##...........#.###
....##>#
#.##.#...#..#.##...#
.#.###.#
#.##.##.†..........#
)#.# #.#
#.##...........##..#
.#.# ..
#.###.##.#..#...#..#
.#.#
#.##..#............#
.#.#
#...........#...#..#
...#
###.#h#...#.##.##..#
.#####
####..@##.##........#
.....#
#.>..........#####..#
####.##
#.##........######.##
..##.##.
#.#########........#
#.##.###.##.#####
#.########
#...............# #.#
†....###.##.###.#####.#
#.#### #.# #.......#
#)######. #.# #######.#


You could see Natasha.

Vanquished Creatures
  Natasha (twice) (D:2)
  An adder (D:2)
  An ooze (D:2)
  2 worms (D:2)
  6 bats
  5 giant cockroaches
  7 goblins
  5 hobgoblins
  3 jackals (D:2)
  A quokka (D:2)
  4 ball pythons
  3 giant newts (D:1)
  6 kobolds
  5 rats
51 creatures vanquished.

Notes
Turn   | Place    | Note
--------------------------------------------------------------
     0 | Abyss:1  | Ijustatesigmund the Demonspawn Abyssal Knight began the quest for the Orb.
     0 | Abyss:1  | Reached XP level 1. HP: 18/18 MP: 2/2
    11 | D:1      | Escaped the Abyss
   185 | D:1      | Gained mutation: You are slightly more attuned to the shadows. [demonic ancestry]
   185 | D:1      | Reached XP level 2. HP: 20/24 MP: 4/4
   469 | D:1      | Reached ** piety under Lugonu
   929 | D:1      | Reached XP level 3. HP: 24/29 MP: 5/5
  1911 | D:2      | Gained mutation: You have a pair of small antennae on your head. [demonic ancestry]
  1911 | D:2      | Reached XP level 4. HP: 27/35 MP: 6/6
  1916 | D:2      | Noticed Natasha
  1925 | D:2      | Killed Natasha
  1963 | D:2      | Reached *** piety under Lugonu
  2124 | D:2      | Noticed Natasha
  2139 | D:2      | Killed Natasha
  2139 | D:2      | Reached skill level 4 in Invocations
  2154 | D:2      | Noticed Natasha
  2156 | D:2      | Killed from afar by Natasha

Vault maps used:
D:1:      roderic_crossed_star
D:2:      minmay_hedge_maze, hangedman_decor_clover_reticule, minivault_24,
          uniq_natasha

Action                   |  1- 3 |  4- 6 || total
-------------------------+-------+-------++-------
Melee: Mace              |   134 |    30 ||   164
       Whip              |    85 |       ||    85
  Use: Scroll            |     3 |       ||     3
 Stab: Sleeping          |     6 |       ||     6
  Eat: Chunk             |     3 |     1 ||     4
